 Dungeon Sprint DCSS version 0.23-a0-890-gc183402 (webtiles) character file.

Game seed: 3532653857412119615

33 galech the Skirmisher (level 3, 0/31 HPs)
             Began as a Demonspawn Fighter on Jan 28, 2019.
             Succumbed to a worker ant's poison
             ... in the Dungeon (Sprint IX: "|||||||||||||||||||||||||||||").
             The game lasted 00:00:12 (49 turns).

galech the Skirmisher (Demonspawn Fighter)            Turns: 49, Time: 00:00:13

Health: 0/31       AC:  7    Str: 16    XL:     3   Next: 12%
Magic:  3/3        EV:  7    Int:  9    God:
Gold:   0          SH: 13    Dex: 13    Spells: 2/2 levels left

rFire    . . .     SeeInvis .   a - +0 war axe
rCold    . . .     Gourm    .   c - +0 shield
rNeg     . . .     Faith    .   b - +0 scale mail
rPois    .         Spirit   .   (helmet restricted)
rElec    .         Reflect  .   (no cloak)
rCorr    .         Harm     .   (no gloves)
MR       .....     NoTele   +   (no boots)
Stlth    ..........             (no amulet)
HPRegen  0.10/turn              (no ring)
MPRegen  0.08/turn              (no ring)

@: lethally poisoned (0 -> -4)
A: antennae 1, large bone plates 1
a: no special abilities


You were in the Dungeon.
You were not hungry.

You visited 1 branch

Inventory:

Hand Weapons
 a - a +0 war axe (weapon)
Armour
 b - a +0 scale mail (worn)
 c - a +0 shield (worn)
Scrolls
 k - a scroll of blinking
Potions
 d - a potion of might
 e - a potion of curing
 g - a potion of heal wounds
 h - a potion of haste
 i - 2 potions of magic
 j - a potion of berserk rage
Comestibles
 f - a ration
 l - 7 chunks of flesh


   Skills:
 + Level 4.4 Fighting
 + Level 2.6 Axes
 + Level 3.8 Armour
 + Level 0.2 Dodging
 + Level 4.2 Shields


You had 2 spell levels left.
You didn't know any spells.
Your spell library was empty.

Dungeon Overview and Level Annotations

Branches:
Dungeon (1/1)

Altars:


Innate Abilities, Weirdness & Mutations

You have a pair of small antennae on your head.
You are partially covered in large bone plates. (SH +4)


Message History

Increase (S)trength, (I)ntelligence, or (D)exterity?
You feel agile.
Your demonic ancestry asserts itself...
A pair of antennae grows on your head!
You feel sick.
The shadow imp hits you but does no damage.
You are too injured to fight recklessly!
You are too injured to fight recklessly!
You are too injured to fight recklessly!
You are too injured to fight recklessly!
You closely miss the shadow imp.
You feel sick.
The shadow imp hits you but does no damage.
You hit the shadow imp but do no damage.
You block the shadow imp's attack.
You hit the shadow imp but do no damage.
You feel sick. You block the shadow imp's attack.
The crimson imp blinks!
The shadow imp gestures at you. Pain shoots through your body!
* * * LOW HITPOINT WARNING * * *
You closely miss the shadow imp.
You die... ▓▓▓▓▓▓▓▓▓▓▓▓▓▓▓▓▓▓ +....l5@.5..)...<▓ ▓▓▓▓▓▓▓▓▓▓▓▓▓▓▓▓▓▓

You could see a crimson imp, a shadow imp and a leopard gecko.

Vanquished Creatures
  A worker ant (D)
  An ooze (D)
  A leopard gecko (D)
  A bat (D)
  A hobgoblin (D)
  2 rats (D)
7 creatures vanquished.

Notes
Turn   | Place    | Note
-------+----------+-------------------------------------------
     0 | D        | galech the Demonspawn Fighter began the quest for the Orb.
     0 | D        | Reached XP level 1. HP: 18/18 MP: 1/1
    16 | D        | Gained mutation: You are partially covered in large bone
                  | plates. (SH +4) [demonic ancestry]
    16 | D        | Reached XP level 2. HP: 24/24 MP: 2/2
    32 | D        | Noticed a crimson imp
    45 | D        | Gained mutation: You have a pair of small antennae on your
                  | head. [demonic ancestry]
    45 | D        | Reached XP level 3. HP: 15/31 MP: 3/3
    48 | D        | HP: 1/31 [shadow imp/nerve-wracking pain (11)]
    49 | D        | Succumbed to a worker ant's poison

Vault maps used:
D:        linesprint

Skill      XL: |  1  2 |
---------------+-------+-----
Armour         | 3 |  3.8
Shields        | 3 4 |  4.2
Axes           | 2 |  2.6
Fighting       | 4 |  4.4
Dodging        | |  0.2

Action                   || total
-------------------------++-------
Melee: War axe           ||    34
Armor: Scale mail        ||    18
Dodge: Dodged            ||    12
Block: Shield            ||    24

Table legend:
 A = Non-vault XP
 B = Vault XP
 C = Vault XP percentage of total XP
 D = Non-vault monster count
 E = Vault monster count
 F = Vault count percentage of total count
                 A         B        C        D         E       F
            +---------+---------+-------+---------+---------+-------
      Total |       0 |      48 | 100.0 |       0 |       7 | 100.0
            +---------+---------+-------+---------+---------+-------
          D |       0 |      48 | 100.0 |       0 |       7 | 100.0
            +---------+---------+-------+---------+---------+-------
